 Dungeon Crawl Stone Soup version 0.21.1-1-g345015f (webtiles) character file.

244 tidbits the Insei (level 6, -11/47 HPs)
             Began as a Gnoll Transmuter on Mar 9, 2018.
             Mangled by Mirai's ghost (19 damage)
             ... on level 6 of the Dungeon.
             The game lasted 00:06:36 (789 turns).

tidbits the Insei (Gnoll Transmuter)                 Turns: 789, Time: 00:06:37

Health: -11/47     AC:  2    Str: 12    XL:     6   Next: 10%
Magic:  6/13       EV: 30    Int: 22    God:
Gold:   113        SH:  0    Dex: 26    Spells: 8/15 levels left

rFire    . . .     SeeInvis .     - Unarmed
rCold    . . .     Gourm    .   (shield currently unavailable)
rNeg     . . .     Faith    .   (armour currently unavailable)
rPois    x         Spirit   .   (helmet currently unavailable)
rElec    .         Reflect  .   (cloak currently unavailable)
rCorr    .         Harm     .   (gloves currently unavailable)
MR       .....                  (boots currently unavailable)
Stlth    ++++......             (no amulet)
HPRegen  0.15/turn              (no ring)
MPRegen  0.13/turn              (no ring)

@: brilliant, agile, spider-form
A: tiny, distributed training, strong nose
a: End Transformation


You were on level 6 of the Dungeon.
You were not hungry.
You were a venomous arachnid creature.
You visited 1 branch of the dungeon, and saw 6 of its levels.

You collected 113 gold pieces.

Inventory:

Hand Weapons
 f - a +0 dagger
 l - a +0 hunting sling
 p - a cursed -1 short sword
Missiles
 a - 71 arrows
 b - 2 tomahawks (quivered)
 j - 22 poisoned needles
 m - 14 stones
Armour
 o - a +2 scale mail of fire resistance
   (You found it on level 4 of the Dungeon)
 B - a +0 robe (melded)
 C - a +0 cloak (melded)
 E - a +0 helmet
Magical Staves
 q - an uncursed staff of energy {unknown}
   (You found it on level 5 of the Dungeon)
Scrolls
 g - a scroll of fear
 i - a scroll of identify
Potions
 h - a potion of degeneration
Books
 c - a book of Changes

   Spells                             Type                      Level
   a - Beastly Appendage              Transmutation                1
   b - Sticks to Snakes               Transmutation                2
   c - Spider Form                    Transmutation/Poison         3
   d - Ice Form                       Ice/Transmutation            4
   e - Blade Hands                    Transmutation                5
 e - a book of Minor Magic
   (You found it on level 2 of the Dungeon)

   Spells                             Type                      Level
   a - Magic Dart                     Conjuration                  1
   b - Blink                          Translocation                2
   c - Call Imp                       Summoning                    2
   d - Slow                           Hexes                        2
   e - Conjure Flame                  Conjuration/Fire             3
   f - Mephitic Cloud                 Conjuration/Poison/Air       3
 n - a book of Conjurations
   (You found it on level 5 of the Dungeon)

   Spells                             Type                      Level
   a - Magic Dart                     Conjuration                  1
   b - Searing Ray                    Conjuration                  2
   c - Dazzling Spray                 Conjuration/Hexes            3
   d - Fulminant Prism                Conjuration/Hexes            4
   e - Force Lance                    Conjuration/Translocation    4
   f - Iskenderun's Mystic Blast      Conjuration                  4
Comestibles
 d - 4 rations


   Skills:
 + Level 3.1 Fighting
 + Level 1.7 Short Blades
 + Level 1.7 Long Blades
 + Level 1.7 Axes
 + Level 1.7 Maces & Flails
 + Level 1.7 Polearms
 + Level 1.7 Staves
 + Level 1.7 Slings
 + Level 1.7 Bows
 + Level 1.7 Crossbows
 + Level 1.7 Throwing
 + Level 1.7 Armour
 + Level 4.9 Dodging
 + Level 1.7 Stealth
 + Level 1.7 Shields
 + Level 6.7 Unarmed Combat
 + Level 5.3 Spellcasting
 + Level 1.3 Conjurations
 + Level 1.3 Hexes
 + Level 1.3 Charms
 + Level 1.3 Summonings
 + Level 1.3 Necromancy
 + Level 1.3 Translocations
 + Level 4.0 Transmutations
 + Level 1.3 Fire Magic
 + Level 1.3 Ice Magic
 + Level 1.3 Air Magic
 + Level 1.3 Earth Magic
 + Level 1.3 Poison Magic
 + Level 2.0 Invocations
 + Level 1.7 Evocations


You had 8 spell levels left.
You knew the following spells:

 Your Spells              Type           Power        Failure   Level  Hunger
a - Magic Dart            Conj           ####         1%          1    None
e - Beastly Appendage     Tmut           #####.       1%          1    None
k - Sticks to Snakes      Tmut           #####...     1%          2    None
p - Spider Form           Tmut/Pois      ####......   3%          3    ##.....


Dungeon Overview and Level Annotations

Branches:
Dungeon (6/15)
 Temple: D:4-7

Altars:

Annotations:
D:6 Mirai's ghost, novice HOFi


Innate Abilities, Weirdness & Mutations

Your experience applies equally to all skills.
((You have very sharp teeth.))
Your uncanny sense of smell can sniff out nearby items.
((You have a pair of small horns on your head.))
((Your flesh is cold resistant. (rC+)))


Message History

You see here a scroll of identify.
As you read the scroll of identify, it crumbles to dust.
t - a potion of mutation Really quaff
t - a potion of mutation {!q}?
You feel extremely strange.
You feel resistant to cold. A pair of horns grows on your head!
Your +0 helmet falls away!
There is a stone staircase leading down here.
You climb downwards.
A player ghost and a skeleton come into view.
Found a scroll labeled FUUNOADUCA.
There is a stone staircase leading up here.
Press: ? - help, v - describe, . - travel
Here: Mirai's ghost The floor.
It was a potion of cancellation.
You feel magically purged.
It was a potion of brilliance.
You feel clever all of a sudden.
Mirai's ghost screams, "I'll kill anyone who wants the ORB!"
Found a twisted bronze wand.
It was a potion of agility.
You feel agile all of a sudden.
Casting: Sticks to Snakes
Confirm with . or Enter, or press ? or * to list all spells.
You create a snake!
You now have 72 arrows.
The leopard gecko skeleton completely misses you.
Casting: Sticks to Snakes
Confirm with . or Enter, or press ? or * to list all spells.
Your feet morph into talons.
Mirai's ghost completely misses you.
The leopard gecko skeleton barely misses you.
Your ball python bites the leopard gecko skeleton.
Your ball python grabs the leopard gecko skeleton.
Your ball python constricts the leopard gecko skeleton.
Casting: Beastly Appendage
Confirm with . or Enter, or press ? or * to list all spells.
You create a snake!
You now have 71 arrows.
Mirai's ghost hits you!
Your ball python bites the leopard gecko skeleton.
Your ball python constricts the leopard gecko skeleton.
The leopard gecko skeleton completely misses you.
You completely miss Mirai's ghost.
You claw Mirai's ghost, but do no damage.
Mirai's ghost closely misses you.
Your ball python bites the leopard gecko skeleton.
Your ball python constricts the leopard gecko skeleton.
The leopard gecko skeleton is destroyed!
You barely miss Mirai's ghost.
You claw Mirai's ghost, but do no damage.
You bite Mirai's ghost, but do no damage.
Mirai's ghost hits you!
You hit Mirai's ghost but do no damage. Your headbutt misses Mirai's ghost.
Mirai's ghost hits you!
* * * LOW HITPOINT WARNING * * *
Okay, then.
You swap places.
Your ball python bites Mirai's ghost but does no damage.
Your ball python barely misses Mirai's ghost.
You hit Mirai's ghost but do no damage. You punch Mirai's ghost.
Mirai's ghost is lightly damaged.
Your ball python bites Mirai's ghost but does no damage. x2
Mirai's ghost barely misses you.
Your ball python bites Mirai's ghost but does no damage.
Casting: Sticks to Snakes
Confirm with . or Enter, or press ? or * to list all spells.
Your talons disappear.
You turn into a venomous arachnid creature.
Your +0 cloak melds into your body.
Your +0 robe melds into your body.
Your ball python bites Mirai's ghost but does no damage.
Your ball python barely misses Mirai's ghost.
Mirai's ghost says, "You must not succeed where I failed!"
Mirai's ghost hits you.
* * * LOW HITPOINT WARNING * * *
Okay, then.
You bite Mirai's ghost!
Mirai's ghost is lightly damaged.
Your ball python bites Mirai's ghost but does no damage.
Your ball python barely misses Mirai's ghost.
Mirai's ghost completely misses you.
You hit Mirai's ghost but do no damage.
Mirai's ghost is lightly damaged.
Your ball python barely misses Mirai's ghost.
Your ball python bites Mirai's ghost but does no damage.
You barely miss Mirai's ghost.
Mirai's ghost is lightly damaged.
Mirai's ghost closely misses you.
Your ball python closely misses Mirai's ghost.
Your ball python bites Mirai's ghost but does no damage.
You bite Mirai's ghost!
Mirai's ghost is moderately damaged.
Mirai's ghost closely misses you.
Your ball python bites Mirai's ghost but does no damage. x2
You hit Mirai's ghost but do no damage.
Mirai's ghost is moderately damaged.
Your ball python bites Mirai's ghost but does no damage.
Mirai's ghost completely misses you.
Your ball python bites Mirai's ghost but does no damage.
You barely miss Mirai's ghost.
Mirai's ghost is moderately damaged.
Your ball python bites Mirai's ghost but does no damage.
Mirai's ghost hits you!!
You die...

#. #.# #.#
#.### ∆ #..?
#..# #..# ∆
#.s# .#####SW#
#......S<#
#######.#.....#
#./......#
##........
........
#.....## #...##


You could see Mirai's ghost and 2 friendly ball pythons.

Vanquished Creatures
  An ogre (D:4)
  A water moccasin skeleton (D:5)
  A centaur skeleton (D:5)
  3 adders
  An ooze (D:1)
  A worm (D:3)
  2 leopard geckos
  8 orcs
  6 bats (D:2)
  A giant cockroach (D:4)
  A goblin (D:2)
  4 hobgoblins
  7 jackals
  A quokka (D:2)
  A frilled lizard (D:3)
  A rat (D:2)
40 creatures vanquished.

Vanquished Creatures (collateral kills)
  A leopard gecko skeleton (D:6)
1 creature vanquished.

Grand Total: 41 creatures vanquished

Notes
Turn   | Place    | Note
-------+----------+-------------------------------------------
     0 | D:1      | tidbits the Gnoll Transmuter began the quest for the Orb.
     0 | D:1      | Reached XP level 1. HP: 17/17 MP: 6/6
    45 | D:2      | Reached XP level 2. HP: 21/23 MP: 5/7
   191 | D:2      | Reached skill level 5 in Spellcasting
   191 | D:2      | Reached XP level 3. HP: 25/28 MP: 6/9
   239 | D:1      | Learned a level 2 spell: Sticks to Snakes
   241 | D:1      | Learned a level 1 spell: Magic Dart
   245 | D:1      | Learned a level 3 spell: Spider Form
   344 | D:3      | Reached skill level 1 in Invocations
   488 | D:3      | Reached skill level 1 in Short Blades
   488 | D:3      | Reached skill level 1 in Long Blades
   488 | D:3      | Reached skill level 1 in Axes
   488 | D:3      | Reached skill level 1 in Maces & Flails
   488 | D:3      | Reached skill level 1 in Polearms
   488 | D:3      | Reached skill level 1 in Staves
   488 | D:3      | Reached skill level 1 in Slings
   488 | D:3      | Reached skill level 1 in Bows
   488 | D:3      | Reached skill level 1 in Crossbows
   488 | D:3      | Reached skill level 1 in Throwing
   488 | D:3      | Reached skill level 1 in Armour
   488 | D:3      | Reached skill level 1 in Stealth
   488 | D:3      | Reached skill level 1 in Shields
   488 | D:3      | Reached skill level 1 in Evocations
   511 | D:4      | Reached XP level 4. HP: 33/34 MP: 3/11
   519 | D:5      | Entered Level 5 of the Dungeon
   536 | D:5      | Reached skill level 1 in Conjurations
   536 | D:5      | Reached skill level 1 in Hexes
   536 | D:5      | Reached skill level 1 in Charms
   536 | D:5      | Reached skill level 1 in Summonings
   536 | D:5      | Reached skill level 1 in Necromancy
   536 | D:5      | Reached skill level 1 in Translocations
   536 | D:5      | Reached skill level 1 in Fire Magic
   536 | D:5      | Reached skill level 1 in Ice Magic
   536 | D:5      | Reached skill level 1 in Air Magic
   536 | D:5      | Reached skill level 1 in Earth Magic
   536 | D:5      | Reached skill level 1 in Poison Magic
   537 | D:5      | Reached XP level 5. HP: 37/40 MP: 3/12
   681 | D:4      | Noticed an ogre
   691 | D:4      | Killed an ogre
   691 | D:4      | Reached skill level 3 in Fighting
   691 | D:4      | Reached skill level 4 in Transmutations
   714 | D:5      | Reached XP level 6. HP: 41/47 MP: 5/13
   723 | D:5      | Reached skill level 2 in Invocations
   763 | D:5      | Gained mutation: Your flesh is cold resistant. (rC+) [potion of mutation]
   763 | D:5      | Gained mutation: You have a pair of small horns on your head. [potion of mutation]
   770 | D:6      | Noticed Mirai's ghost (novice HOFi)
   789 | D:6      | Mangled by Mirai's ghost

Skill      XL: |  1  2  3  4  5  6 |
---------------+-------------------+-----
Spellcasting   | 5 |  5.3
Invocations    | 1 2 |  2.0
Short Blades   | 1 |  1.7
Long Blades    | 1 |  1.7
Axes           | 1 |  1.7
Maces & Flails | 1 |  1.7
Polearms       | 1 |  1.7
Staves         | 1 |  1.7
Slings         | 1 |  1.7
Bows           | 1 |  1.7
Crossbows      | 1 |  1.7
Throwing       | 1 |  1.7
Armour         | 1 |  1.7
Stealth        | 1 |  1.7
Shields        | 1 |  1.7
Evocations     | 1 |  1.7
Conjurations   | 1 |  1.3
Hexes          | 1 |  1.3
Charms         | 1 |  1.3
Summonings     | 1 |  1.3
Necromancy     | 1 |  1.3
Translocations | 1 |  1.3
Fire Magic     | 1 |  1.3
Ice Magic      | 1 |  1.3
Air Magic      | 1 |  1.3
Earth Magic    | 1 |  1.3
Poison Magic   | 1 |  1.3
Fighting       | 3 |  3.1
Transmutations | 4 |  4.0
Dodging        | |  4.9
Unarmed Combat | |  6.7

Action                   |  1- 3 |  4- 6 || total
-------------------------+-------+-------++-------
Melee: Unarmed           |    52 |    43 ||    95
       Kick              |     6 |     2 ||     8
       Bite              |     3 |     1 ||     4
       Headbutt          |     4 |       ||     4
       Punch             |       |     1 ||     1
 Cast: Beastly Appendage |     8 |     1 ||     9
       Spider Form       |     5 |     6 ||    11
       Sticks to Snakes  |       |     3 ||     3
  Use: Scroll            |     3 |     2 ||     5
       Potion            |       |     4 ||     4
 Stab: Sleeping          |     6 |       ||     6
  Eat: Chunk             |       |     1 ||     1
Armor: Robe              |     7 |       ||     7
       Skin              |     1 |       ||     1
Dodge: Dodged            |    32 |    39 ||    71

Table legend:
 A = Turns spent in this place as a percentage of turns spent in the entire game.
 B = Non-inter-level travel turns spent in this place as a percentage of non-inter-level travel turns spent in the entire game.
 C = Inter-level travel turns spent in this place as a percentage of turns spent in this place.
 D = Turns resting spent in this place as a percentage of non-inter-level travel turns spent in this place.
 E = Turns spent auto-exploring this place as a percentage of non-inter-level travel turns spent in this place.
 F = Non-inter-level travel turns spent in this place divided by the number of levels of this place that you've seen.
                   A       B       C       D       E      F
               +-------+-------+-------+-------+-------+----------------------
         Total | 100.0 | 100.0 |   0.0 |   0.0 |   0.0 | 131.5
       Dungeon | 100.0 | 100.0 |   0.0 |   0.0 |   0.0 | 131.5
               +-------+-------+-------+-------+-------+----------------------

Table legend:
 A = Kills in this place as a percentage of kills in entire the game.
 B = Kills by you in this place as a percentage of kills by you in the entire game.
 C = Kills by friends in this place as a percentage of kills by friends in the entire game.
 D = Other kills in this place as a percentage of other kills in the entire game.
 E = Experience gained in this place as a percentage of experience gained in the entire game.
 F = Experience gained in this place divided by the number of levels of this place that you have seen.
                   A       B       C       D       E      F
               +-------+-------+-------+-------+-------+----------------------
         Total | 100.0 | 100.0 | 100.0 |   N/A | 100.0 |  58.2
       Dungeon | 100.0 | 100.0 | 100.0 |   N/A | 100.0 |  58.2
               +-------+-------+-------+-------+-------+----------------------

Vault maps used:
D:1:      minmay_arrival_hallway
D:3:      trog_book
D:4:      first_ration, tgw_xom
D:5:      lemuel_round_altar, uniq_menkaure
D:6:      cheibrodos_quashed, minmay_temple_entry_statues, serial_shops,
          kennysheep_little_box, nicolae_underground_beach, uniq_duvessa
